 Dungeon Crawl Stone Soup version 0.31-a0-968-g24f9ace8b5 (webtiles) character file.

Game seed: 3411592107610390296

19 Maxmaps the Changeling (level 2, 0/18 HPs)
             Began as an Octopode Shapeshifter on Oct 28, 2023.
             Slain by a jackal (3 damage)
             ... on level 1 of the Dungeon.
             The game lasted 00:00:29 (356 turns).

Maxmaps the Changeling (Octopode Shapeshifter)       Turns: 356, Time: 00:00:29

Health: 0/18       AC:  1    Str: 13    XL:     2   Next: 75%
Magic:  2/2        EV: 13    Int: 12    God:
Gold:   19         SH:  0    Dex: 11    Spells: 1/1 levels left

rFire   . . .        e - +1 dagger (elec)
rCold   . . .        (no shield)
rNeg    . . .        (helmet currently unavailable)
rPois   .            (no amulet)
rElec   .            (no ring)
rCorr   .            (no ring)
SInv    .            (no ring)
Will    .....        (no ring)
Stlth   ++           (no ring)
HPRegen 0.23/turn    (no ring)
MPRegen 0.08/turn    (no ring)
                     (no ring)

%: no passive effects
@: beast-form
A: beast (slay +1), almost no armour, amphibious, 8 rings, camouflage 1,
gelatinous body 1, (nimble swimmer 1), tentacles
a: Begin Untransformation


You were on level 1 of the Dungeon.
You were a hulking beast.
You visited 1 branch of the dungeon, and saw 1 of its levels.

You collected 19 gold pieces.

Inventory:

Hand Weapons
 e - a +1 dagger of electrocution (weapon)
Talismans
 b - a beast talisman
 c - a flux talisman
Scrolls
 f - a scroll of amnesia {unknown}
Potions
 a - a potion of lignification
 d - a potion of degeneration {unknown}


   Skills:
 - Level 1.0 Fighting
 + Level 1.7 Short Blades
 - Level 2.0 Dodging
 - Level 3.0 Unarmed Combat
 - Level 3.2 Shapeshifting


You had one spell level left.
You didn't know any spells.
Your spell library was empty.

Dungeon Overview and Level Annotations

Branches:
Dungeon (1/15)

Altars:


Innate Abilities, Weirdness & Mutations

You are a hulking beast.
Your limbs bulge with bestial killing power. (Slay +1)
You cannot wear most types of armour.
You are amphibious.
You can wear up to eight rings at the same time.
Your skin changes colour to match your surroundings (Stealth+).
Your rubbery body absorbs attacks. (AC +1, EV +1)
((You are camouflaged when in or above water. (Stealth+)))
You have tentacles for arms and can constrict up to eight enemies at once.


Message History

You barely miss the jackal. You grab the jackal.
The jackal is heavily wounded.
You constrict the jackal, but do no damage.
The jackal completely misses you. The goblin hits you but does no damage.
The jackal bites you.
You hit the jackal but do no damage. Lightning courses through the jackal!!
You kill the jackal!
The goblin hits you with a +0 dagger.
The kobold throws a stone.
The stone hits you.
You barely miss the goblin. You grab the goblin. You constrict the goblin.
The goblin closely misses you.
You barely miss the goblin. You squeeze the goblin.
You kill the goblin!
The kobold barely misses you.
You hit the kobold. Your grab misses the kobold.
Your squeeze misses the kobold.
The kobold is moderately wounded.
The jackal barely misses you. The jackal closely misses you.
The kobold hits you with a +1 whip of flaming.
The kobold burns you. The jackal closely misses you.
You hit the kobold.
You kill the kobold!
The jackal bites you.
* * * LOW HITPOINT WARNING * * *
The jackal barely misses you.
Unknown command.
You barely miss the jackal. Your grab misses the jackal. The jackal bites you.
* * * LOW HITPOINT WARNING * * *
The jackal barely misses you. The jackal closely misses you.
Unknown command.
You hit the jackal. You grab the jackal.
The jackal is moderately wounded.
You constrict the jackal, but do no damage.
The jackal closely misses you. The jackal bites you.
* * * LOW HITPOINT WARNING * * *
You barely miss the jackal.
The jackal is moderately wounded.
You constrict the jackal, but do no damage.
The jackal bites you.
You die...

.....# #.# .......
... .....## ##.#
##....##...#
#.........#
#......>.+
#..h)..#
######..hh..#
#...##.######
#.#.##.######
#.............
###.##.#######
#.##.##.. .#.##..
#.##.##.#
#........
#.##.##.#
#........
#.##.##.###......#


You could see 2 jackals.

Vanquished Creatures
  A dart slug (D:1)
  2 endoplasms (D:1)
  A giant cockroach (D:1)
  3 goblins (D:1)
  2 hobgoblins (D:1)
  A jackal (D:1)
  A quokka (D:1)
  A frilled lizard (D:1)
  2 kobolds (D:1)
  A rat (D:1)
15 creatures vanquished.

Notes
Turn   | Place    | Note
-------+----------+-------------------------------------------
     0 | D:1      | Maxmaps the Octopode Shapeshifter began the quest for the
                  | Orb.
     0 | D:1      | Reached XP level 1. HP: 13/13 MP: 1/1
   194 | D:1      | Reached XP level 2. HP: 13/18 MP: 2/2
   245 | D:1      | Reached skill level 1 in Short Blades
   356 | D:1      | Slain by a jackal

Illustrated notes

Levels and vault maps discovered:
D:1:      evilmike_arrival_crescent, layout_basic, minmay_tromino_mix6

Skill      XL: |  1  2 |
---------------+-------+-----
Short Blades   | 1 |  1.7
Fighting       | |  1.0
Dodging        | |  2.0
Unarmed Combat | |  3.0
Shapeshifting  | |  3.2

Action                     || total
---------------------------++-------
  Melee: Unarmed           ||     8
         Dagger            ||    28
         Constrict         ||     8
         Tentacles         ||     3
   Stab: Sleeping          ||     4
 Armour: Skin              ||    18
  Dodge: Dodged            ||    21

Table legend: (Time is in decaauts)
 A = Elapsed time spent in this place.
 B = Non-inter-level travel time spent in this place.
 C = Inter-level travel time spent in this place.
 D = Time resting spent in this place.
 E = Time spent auto-exploring this place.
 F = Levels seen in this place.
 G = Mean time per level.
                   A        B        C        D        E       F      G
               +--------+--------+--------+--------+--------+-----+--------+
         Total |    353 |    353 |      0 |      0 |    261 |   1 |  353.0 |
       Dungeon |    353 |    353 |      0 |      0 |    261 |   1 |  353.0 |
               +--------+--------+--------+--------+--------+-----+--------+

Top non-repeatable levels by time:
     D:1: 353 daAuts
